Map: Dusk Towers

Players

ONGGAMENET

  • Race: Zerg Zerg
  • League: Diamond

ILLBdA - Winner!

  • Race: Protoss Protoss
  • League: Diamond

VOD

Have the link to the VOD?

Description

Time

  • Played on: Dec. 21, 2015, 5:44 a.m.
  • Length: 2:47
Show
View Real Time Build Order
Export as new Build Order

ONGGAMENET Zerg 

Build Orders: 3 Hatch before Pool 

Get SALT Encoding   

  12  0:01  Drone  
  13  0:07  Drone  
  14  0:17  Overlord  
  14  0:24  Drone, Extractor  
  15  0:35  Drone x2  
  17  0:44  Drone  
  18  0:55  Drone  
  19  1:01  Hatchery  
  18  1:06  Drone  
  19  1:22  Drone  
  20  1:32  Drone  
  21  1:42  Hatchery  
  21  1:43  Extractor  
  21  1:44  Spawning Pool  
  21  1:46  Drone  
  19  2:02  Drone  
Show
View Real Time Build Order
Export as new Build Order

ILLBdA Protoss - Winner!

Build Orders:  

Get SALT Encoding   

  12  0:01  Probe (Chrono Boost)  
  13  0:11  Probe (Chrono Boost)  
  14  0:19  Pylon  
  14  0:22  Probe (Chrono Boost)  
  15  0:37  Probe (Chrono Boost)  
  16  0:43  Forge  
  16  0:47  Probe (Chrono Boost)  
  17  0:58  Probe (Chrono Boost)  
  18  1:09  Probe (Chrono Boost)  
  19  1:22  Pylon  
  19  1:24  Pylon  
  19  1:25  Pylon  
  19  1:32  Pylon  
  19  1:55  Photon Cannon  
  19  2:04  Probe (Chrono Boost)  
  19  2:08  Photon Cannon x2  
  20  2:10  Photon Cannon  
  21  2:15  Probe (Chrono Boost)  
  21  2:24  Gateway  
  21  2:29  Assimilator  
  21  2:34  Assimilator  
Tags
 
Add a new tag
Caveats
  • Supply blocks, unpowered buildings, or Contaminate may cause inaccurate times.
  • Supply counts are checked every 10 seconds.